 Dungeon Crawl Stone Soup version 0.30.0-29-ga12c61a403 (webtiles) character file.

Game seed: 2384177641661959417

275 BONEBRO the Cleaver (level 6, -8/51 HPs)
             Began as a Hill Orc Berserker on June 12, 2023.
             Was a Believer of Trog.
             Mangled by Edmund
             ... wielding a +4 dire flail of protection
              (10 damage)
             ... on level 4 of the Dungeon.
             The game lasted 00:06:30 (2492 turns).

BONEBRO the Cleaver (Hill Orc Berserker)            Turns: 2492, Time: 00:06:31

Health: -8/51      AC:  4    Str: 22    XL:     6   Next: 25%
Magic:  6/6        EV: 11    Int:  7    God:    Trog [**....]
Gold:   101        SH:  0    Dex: 10    Spells: 5/5 levels left

rFire   . . .        a - +0 hand axe
rCold   . . .        (no shield)
rNeg    . . .        b - +0 animal skin
rPois   .            (no helmet)
rElec   .            q - +0 cloak
rCorr   .            (no gloves)
SInv    .            i - +0 pair of boots
Will    ++...        (no amulet)
Stlth   +            (no ring)
HPRegen 1.28/turn    (no ring)
MPRegen 0.10/turn

%: no passive effects
@: strong-willed (expiring), on berserk cooldown, regenerating (expiring),
slowed, very slow
A: no striking features
a: Renounce Religion, Berserk, Trog's Hand


You were on level 4 of the Dungeon.
You worshipped Trog.
Trog was pleased with you.
You visited 1 branch of the dungeon, and saw 4 of its levels.

You collected 101 gold pieces.

Inventory:

Hand Weapons
 a - a +0 hand axe (weapon)
 p - a +3 quarterstaff of chaos
 r - a +0 hammer
Missiles
 g - 7 javelins (quivered)
Armour
 b - a +0 animal skin (worn)
 i - a +0 pair of boots (worn)
 q - a +0 cloak (worn)
 v - a +1 plate armour of cold resistance
Jewellery
 j - a +6 ring of intelligence
 n - a +6 ring of strength
 t - a ring of resist corrosion
Scrolls
 e - 2 scrolls of fear {unknown}
 f - a scroll of enchant weapon {unknown}
 h - a scroll of magic mapping {unknown}
 l - 2 scrolls of vulnerability {unknown}
 m - a scroll of brand weapon {unknown}
 u - a scroll of teleportation {unknown}
 w - a scroll of enchant armour {unknown}
Potions
 c - a potion of lignification {unknown}
 d - 2 potions of berserk rage {unknown}
 k - a potion of curing {unknown}
 o - a potion of resistance {unknown}
 s - 2 potions of degeneration {unknown}


   Skills:
 - Level 3.6 Fighting
 * Level 9.0 Axes
 - Level 2.1 Armour
 - Level 1.5 Dodging
 - Level 0.1 Stealth


You had 5 spell levels left.
You didn't know any spells.
Your spell library was empty.

Dungeon Overview and Level Annotations

Branches:
Dungeon (4/15)
 Temple: D:4-7

Altars:

Annotations:
D:4 Edmund


Message History

You kill the ogre!
Trog accepts your kill.
Your Axes skill increases to level 9!
You have reached level 6!
Items here: )) [[.
You feel a strong urge to attack something.
You slash the endoplasm!
You kill the endoplasm!
Trog accepts your kill.
You feel a strong urge to attack something.
You are no longer berserk.
You are exhausted.
You feel yourself slow down.
Found a plate armour.
You start waiting.
A scorpion is nearby!
Edmund the Younger comes into view.
He is wielding a +4 dire flail of protection.
Edmund shouts!
Your skin crawls.
You feel strong-willed. Edmund barely misses you.
Edmund hits you with a +4 dire flail of protection!
You barely miss Edmund.
Edmund hits you with a +4 dire flail of protection!
You hit Edmund but do no damage.
Edmund asks, "Have you met my wondrous brother?"
Edmund barely misses you.
You hit Edmund but do no damage.
Edmund hits you with a +4 dire flail of protection. x2
You hit Edmund but do no damage.
Edmund hits you with a +4 dire flail of protection.
You hit Edmund but do no damage.
Edmund hits you with a +4 dire flail of protection!
* * * LOW HITPOINT WARNING * * *
You hit Edmund but do no damage. You hit the scorpion.
You feel the effects of Trog's Hand fading.
Edmund misses you. The scorpion stings you!
* * * LOW HITPOINT WARNING * * *
Edmund hits you with a +4 dire flail of protection!
You die...

#..##..#..<#..#
#......#..[)..#
#.........##
#.........#####
#...#.#........
#...#.......###
# #...#.....###
#..#.s.#......#
#...@@.#.#...###
#....#[#.#.....#
########.#.s.###
...#....# ..#
$...... ..
....o.< ..
....... ...
.O..s.# #.#
##.....


You could see Edmund and a scorpion.

Vanquished Creatures
  An ogre (D:4)
  Crazy Yiuf (D:2)
  2 orc priests
  An iguana (D:3)
  3 dart slugs
  4 orcs
  3 ball pythons
  4 bats
  9 endoplasms
  5 giant cockroaches
  6 goblins
  5 hobgoblins
  7 quokkas
  2 frilled lizards (D:1)
  4 kobolds (D:1)
  5 rats
62 creatures vanquished.

Notes
Turn   | Place    | Note
-------+----------+-------------------------------------------
     0 | D:1      | BONEBRO the Hill Orc Berserker began the quest for the Orb.
     0 | D:1      | Reached XP level 1. HP: 19/19 MP: 1/1
   101 | D:1      | Reached XP level 2. HP: 21/26 MP: 2/2
   232 | D:1      | Reached skill level 5 in Axes
   381 | D:1      | Reached XP level 3. HP: 31/31 MP: 3/3
   535 | D:1      | Reached ** piety under Trog
   715 | D:2      | Reached skill level 6 in Axes
   715 | D:2      | Reached XP level 4. HP: 39/39 MP: 4/4
   759 | D:2      | Found a faded altar of an unknown god.
  1404 | D:2      | Found a runed translucent door.
  1405 | D:2      | Noticed Crazy Yiuf
  1419 | D:2      | Killed Crazy Yiuf
  1420 | D:2      | Reached skill level 7 in Axes
  1420 | D:2      | Reached XP level 5. HP: 44/45 MP: 5/5
  2313 | D:4      | Noticed an ogre
  2344 | D:4      | Reached skill level 8 in Axes
  2471 | D:4      | Killed an ogre
  2472 | D:4      | Reached skill level 9 in Axes
  2472 | D:4      | Reached XP level 6. HP: 51/51 MP: 6/6
  2484 | D:4      | Noticed Edmund
  2492 | D:4      | HP: 2/51 [scorpion (7)]
  2492 | D:4      | Mangled by Edmund

Illustrated notes

Levels and vault maps discovered:
D:1:      dpeg_arrival_yet_another_circle, layout_rooms, minmay_hexomino_p4
D:2:      layout_loops_ring, ebering_ecumenical_altar_hall,
          uniq_crazy_yiuf_cottage
D:3:      layout_rooms, serial_bayou_lagoon_a
D:4:      layout_layer_cave, serial_shops, nicolae_shop_peninsula,
          portal_sewer_entry_e, enter_ossuary_1, chequers_serial_rivers_micro_a,
          sigmund_edmund_badplayer

Skill      XL: |  1  2  3  4  5 |
---------------+----------------+-----
Axes           | 5 6 7 9 |  9.0
Fighting       | |  3.6
Armour         | |  2.1
Dodging        | |  1.5
Stealth        | |  0.1

Action                     |  1- 3 |  4- 6 || total
---------------------------+-------+-------++-------
  Melee: Hand axe          |    88 |   129 ||   217
         Punch             |       |     2 ||     2
 Invoke: Berserk           |     1 |     3 ||     4
         Trog's Hand       |       |     2 ||     2
 Armour: Animal skin       |    12 |    18 ||    30
  Dodge: Dodged            |    53 |    68 ||   121
